 Dungeon Crawl Stone Soup version 0.30.1-9-gdf580d7c3d (webtiles) character file.

Game seed: 15451475455185274381

49 Ivernyr the Shield-Bearer (level 4, 31/37 HPs)
             Began as a Formicid Fighter on Oct 6, 2023.
             Got out of the dungeon alive.
             The game lasted 00:02:30 (1297 turns).

Ivernyr the Shield-Bearer (Formicid Fighter)        Turns: 1297, Time: 00:02:31

Health: 31/37      AC:  7    Str: 20    XL:     4   Next: 2%
Magic:  4/4        EV:  9    Int:  8    God:
Gold:   66         SH:  5    Dex: 15    Spells: 3/3 levels left

rFire   . . .        a - +0 long sword
rCold   . . .        c - +0 buckler
rNeg    . . .        b - +0 scale mail
rPois   .            (helmet unavailable)
rElec   .            (no cloak)
rCorr   .            (no gloves)
SInv    +            (no boots)
Will    .....        (no amulet) Stlth
                     (no ring)
HPRegen 0.26/turn    (no ring)
MPRegen 0.09/turn

%: no passive effects
@: no status effects
A: permanent stasis, dig shafts and tunnels, antennae 3, four strong arms
a: Dig, Shaft Self


You escaped.
You visited 1 branch of the dungeon, and saw 2 of its levels.

You collected 66 gold pieces.

Inventory:

Hand Weapons
 a - a +0 long sword (weapon)
Armour
 b - a +0 scale mail (worn)
 c - a +0 buckler (worn)
Scrolls
 f - a scroll of identify {unknown}
 g - a scroll of vulnerability {unknown}
 i - 3 scrolls of enchant weapon {unknown}
 j - a scroll of blinking {unknown}
 k - a scroll of teleportation {unknown}
 n - a scroll of immolation {unknown}
Potions
 d - a potion of might
 e - a potion of invisibility {unknown}
 h - a potion of curing {unknown}
 l - a potion of haste {unknown}
 m - a potion of resistance {unknown}


   Skills:
 + Level 3.7 Fighting
 * Level 3.0 Long Blades
 + Level 3.7 Armour
 + Level 4.4 Shields


You had 3 spell levels left.
You didn't know any spells.
Your spell library contained the following spells:

 Spells                   Type           Power      Damage    Failure   Level
 Beastly Appendage        Tmut           0%         N/A       83%         1
 Wereblood                Tmut           0%         N/A       92%         2
 Spider Form              Tmut/Pois      0%         N/A       99%         3


Dungeon Overview and Level Annotations

Branches:
Dungeon (2/15)

Altars:


Innate Abilities, Weirdness & Mutations

You cannot be hasted, slowed, berserked, paralysed or teleported.
You can dig through walls and to a lower floor.
You have a pair of large antennae on your head. (SInv)
Your four strong arms can wield two-handed weapons with a shield.


Message History

The ball python bites you but does no damage.
The ball python barely misses you. The ball python bites you.
The ball python grabs you. The ball python constricts you.
You hit the ball python but do no damage.
The ball python is moderately wounded.
The ball python bites you. The ball python constricts you.
You hit the ball python.
You kill the ball python!
You have reached level 4!
You feel clever.
You now have 66 gold pieces (gained 10).
You sense a monster nearby.
(D) Dungeon
Where to? (Enter - D:2, ? - help)
What level of the Dungeon? (default 1, ? - help)
A kobold comes into view. It is wielding a +2 dagger of venom.
The kobold moves out of view.
A giant cockroach comes into view.
The giant cockroach bites you but does no damage.
The kobold attacks as you move away! The kobold hits you but does no damage.
You are poisoned.
You feel very sick.
There is a stone staircase leading up here.
You feel sick. You block the giant cockroach's attack.
You climb upwards.
You feel sick.
There is a stone staircase leading down here.
You barely miss the giant cockroach.
You feel sick.
The giant cockroach completely misses you.
You block the giant cockroach's attack.
You slash the giant cockroach!
You kill the giant cockroach!
You feel sick.
You feel sick.
You feel sick.
You are no longer poisoned.
You enter the shallow water.
Moving in this stuff is going to be slow.
Why would you want to do that?
There is a staircase leading out of the dungeon here.
Are you sure you want to leave the Dungeon?
This will make you lose the game!
You have escaped!

######.###.###.#######.#
#.##. .......# #.#
#.........# #.##.
######'##### #####'#####
#.### #.#.#♣♣♣♣♣#.#.#
#.### #.............#
#.... #..♣..♣.♣..♣..#
##### #≈#♣♣..~..♣♣#~# ###
#≈#P♣.~≈~.♣P#≈# #.. ####
#≈#>..~8~..@#≈###### #.#
...###≈#P♣.~≈~.♣P#≈#....#
#..
###.##~#♣♣..≈..♣♣#≈#....#
#.. #
#..#..♣..♣.♣..♣..###..#
#.. ###.##.............#
#..# #..
...###.#.#♣♣♣♣♣#.#.# #..#
#.. #.## #'#####
#####'###..# #.. #.#
#..##.# #..........# ##.
#.# ##.##.# ##########.#
#.


There were no monsters in sight!

Vanquished Creatures
  2 dart slugs (D:1)
  9 ball pythons
  4 bats (D:1)
  7 endoplasms
  2 giant cockroaches (D:1)
  4 hobgoblins (D:1)
  4 frilled lizards (D:1)
  3 goblins (D:1)
  3 kobolds
  4 rats
42 creatures vanquished.

Notes
Turn   | Place    | Note
-------+----------+-------------------------------------------
     0 | D:1      | Ivernyr the Formicid Fighter began the quest for the Orb.
     0 | D:1      | Reached XP level 1. HP: 18/18 MP: 1/1
   131 | D:1      | Reached XP level 2. HP: 24/24 MP: 2/2
   385 | D:1      | Reached XP level 3. HP: 24/29 MP: 3/3
  1016 | D:2      | Found a faded altar of an unknown god.
  1242 | D:2      | Reached XP level 4. HP: 33/37 MP: 4/4
  1297 | D:$      | Got out of the dungeon alive.

Illustrated notes

Levels and vault maps discovered:
D:1:      tarquinn_simple_flora_water_b, layout_loops_corners,
          minmay_pentomino_s2
D:2:      layout_loops_ring, ebering_ecumenical_altar_box, uniq_jessica

Skill      XL: |  1  2  3 |
---------------+----------+-----
Long Blades    | 3 |  3.0
Fighting       | |  3.7
Armour         | |  3.7
Shields        | |  4.4

Action                     |  1- 3 |  4- 6 || total
---------------------------+-------+-------++-------
  Melee: Long sword        |   123 |     2 ||   125
 Armour: Scale mail        |    64 |     2 ||    66
  Dodge: Dodged            |    68 |     1 ||    69
  Block: Buckler           |    33 |     2 ||    35
